 Dungeon Crawl Stone Soup version 0.26-a0-639-g72c4674329 (webtiles) character file.

Game seed: 12829328076599684314

1715569 vurker the Conqueror (level 25, 150/257 HPs)
             Began as a Minotaur Delver on Sept 23, 2020.
             Was the Champion of Ru.
             Escaped with the Orb
             ... and 3 runes!
             The game lasted 01:52:07 (70762 turns).

vurker the Conqueror (Minotaur Delver)             Turns: 70762, Time: 01:52:07

Health: 150/257    AC: 41    Str: 28    XL:     25
Magic:  22/22      EV: 17    Int:  9    God:    Ru [******]
Gold:   7877       SH: 29    Dex: 18    Spells: 24/24 levels left

rFire    + + +     SeeInvis .   a - +9 broad axe (elec)
rCold    + + +     Faith    .   K - +0 tower shield {rPois}
rNeg     . . .     Spirit   .   h - +6 gold dragon scales
rPois    +         Reflect  +   (helmet unavailable)
rElec    +         Harm     .   w - +0 cloak {MR+}
rCorr    .         Rampage  .   M - +0 pair of fencer's gloves {Riposte Dex+3}
MR       +++..                  c - +2 pair of boots of Defence {rElec rPois Dex+2}
Stlth    ..........             N - amulet of reflection
HPRegen  0.52/turn              A - ring "Piusiviorph" {rPois rF+ rC++ Int-4 Dex+2}
MPRegen  0.18/turn              Q - ring of Ru's Scorn {+Fly rF+ MR+ Int+6}

@: lightly drained
A: retaliatory headbutt, horns 3, talons 1, camouflage 1, clumsy 1,
deterioration 1, screaming 1, subdued magic 1, no stealth, inability to use
devices, no fire magic, no hexes magic, no summoning magic, disrupted magic 1,
inexperienced 1
0: Orb of Zot
}: 3/15 runes: decaying, serpentine, silver
a: Draw Out Power, Power Leap, Apocalypse, Renounce Religion


You escaped.
You worshipped Ru.
Ru was exalted by your worship.
You visited 10 branches of the dungeon, and saw 50 of its levels.
You also visited: Trove, Sewer, Ice Cave and Wizlab.

You collected 12778 gold pieces.
You spent 4901 gold pieces at shops.

Inventory:

Hand Weapons
 a - a +9 broad axe of electrocution (weapon)
   (You subdued it on level 3 of the Elven Halls)
 O - a +3 broad axe of venom
   (You took it off an orc warlord on level 2 of the Orcish Mines)
Missiles
 v - 6 javelins (quivered)
Armour
 c - the +2 pair of boots of Defence (worn) {rElec rPois Dex+2}
   (You bought it in a shop on level 2 of the Vaults)

   It affects your dexterity (+2).
   It insulates you from electricity.
   It protects you from poison.
 h - +6 gold dragon scales (worn)
   (You found it on level 1 of the Realm of Zot)
 w - a +0 cloak of magic resistance (worn)
   (You found it on level 1 of the Depths)
 I - the +2 hood of the Assassin {Detection Stab+ Stlth++}
   (You found it in a treasure trove)

   It makes you much more stealthy.
 K - a +0 tower shield of poison resistance (worn)
   (You bought it in a shop on level 2 of the Orcish Mines)
 M - the +0 pair of fencer's gloves (worn) {Riposte Dex+3}
   (You bought it in a shop on level 2 of the Orcish Mines)

   It affects your dexterity (+3).
Jewellery
 b - a cursed amulet of the acrobat
   (You took it off a yellow draconian on level 5 of the Realm of Zot)
 A - the ring "Piusiviorph" (left hand) {rPois rF+ rC++ Int-4 Dex+2}
   (You bought it in a shop on level 3 of the Elven Halls)

   [ring of protection from fire]

   It affects your intelligence (-4).
   It affects your dexterity (+2).
   It protects you from fire.
   It greatly protects you from cold.
   It protects you from poison.
 N - an amulet of reflection (around neck)
   (You bought it in a shop on level 2 of the Elven Halls)
 Q - the ring of Ru's Scorn (right hand) {+Fly rF+ MR+ Int+6}
   (You took it off a deep elf sorcerer on level 3 of the Elven Halls)

   [ring of intelligence]

   It affects your intelligence (+6).
   It protects you from fire.
   It affects your resistance to hostile enchantments.
   It lets you fly.
Scrolls
 d - 32 scrolls of identify
 e - 10 scrolls of fear
 g - 5 scrolls of silence
 i - 14 scrolls of fog
 j - 45 scrolls of remove curse
 m - 3 scrolls of magic mapping
 s - 16 scrolls of teleportation
 t - 5 scrolls of enchant weapon
 u - 8 scrolls of blinking
 B - 2 scrolls of holy word
 E - 8 scrolls of immolation
 F - 3 scrolls of summoning
Potions
 f - 5 potions of haste
 k - 16 potions of curing
 n - 9 potions of lignification
 o - 4 potions of berserk rage
 p - 3 potions of mutation
 r - 2 potions of magic
 x - 4 potions of heal wounds
 y - 2 potions of cancellation
 z - 13 potions of flight
 C - 3 potions of invisibility
 D - 4 potions of ambrosia
 G - 3 potions of might
 H - 4 potions of resistance


   Skills:
 O Level 27(26.4) Fighting
 + Level 20.0(20.1) Axes
   Level 9.6(15.5) Maces & Flails
 * Level 22.9(22.4) Throwing
 O Level 27(26.4) Armour
 + Level 18.2(17.8) Dodging
 + Level 20.0(19.6) Shields


You had 24 spell levels left.
You didn't know any spells.
Your spell library contained the following spells:

 Spells                   Type           Power        Failure   Level
 Apportation              Tloc           #.....       99%         1
 Beastly Appendage        Tmut           #.....       99%         1
 Magic Dart               Conj           #...         99%         1
 Sandblast                Erth           #.....       99%         1
 Sting                    Tmut/Pois      #...         99%         1
 Blink                    Tloc           N/A          100%        2
 Poisonous Vapours        Pois/Air       #.....       100%        2
 Searing Ray              Conj           #.....       100%        2
 Wereblood                Tmut           #.......     100%        2
 Frozen Ramparts          Ice            #.....       100%        3
 Gell's Gravitas          Tloc           #.........   100%        3
 Lesser Beckoning         Tloc           #.........   100%        3
 Mephitic Cloud           Conj/Pois/Air  #.......     100%        3
 Spider Form              Tmut/Pois      #.........   100%        3
 Static Discharge         Conj/Air       #.......     100%        3
 Teleport Other           Tloc           #.......     100%        3
 Hailstorm                Conj/Ice       #.......     100%        4
 Ice Form                 Ice/Tmut       #.......     100%        4
 Iskenderun's Mystic Bla  Conj/Tloc      #.......     100%        4
 Passage of Golubria      Tloc           N/A          100%        4
 Alistair's Intoxication  Tmut/Pois      #........    100%        5
 Blade Hands              Tmut           #.........   100%        5
 Borgnjor's Vile Clutch   Necr/Erth      #.........   100%        5
 Irradiate                Conj/Tmut      #.........   100%        5
 Iskenderun's Battlesphe  Conj           #.......     100%        5
 Lightning Bolt           Conj/Air       #.........   100%        5
 Conjure Ball Lightning   Conj/Air       #.........   100%        6
 Dispersal                Tloc           #.........   100%        6
 Eringya's Noxious Bog    Tmut/Pois      #.........   100%        6
 Freezing Cloud           Conj/Ice/Air   #.........   100%        6
 Iron Shot                Conj/Erth      #.........   100%        6
 Ozocubu's Refrigeration  Ice            #.........   100%        6
 Simulacrum               Ice/Necr       #.........   100%        6
 Orb of Destruction       Conj           #.........   100%        7
 Chain Lightning          Conj/Air       #.........   100%        8
 Lehudib's Crystal Spear  Conj/Erth      #.........   100%        8
 Absolute Zero            Ice            #.........   100%        9
 Shatter                  Erth           #.........   100%        9
 Tornado                  Air            #.........   100%        9
 Corona                   Hex            Unusable     N/A         1
 Summon Small Mammal      Summ           Unusable     N/A         1
 Call Imp                 Summ           Unusable     N/A         2
 Ensorcelled Hibernation  Hex/Ice        Unusable     N/A         2
 Slow                     Hex            Unusable     N/A         2
 Call Canine Familiar     Summ           Unusable     N/A         3
 Confusing Touch          Hex            Unusable     N/A         3
 Conjure Flame            Conj/Fire      Unusable     N/A         3
 Dazzling Flash           Conj/Hex       Unusable     N/A         3
 Ignite Poison            Fire/Tmut/Pois Unusable     N/A         3
 Inner Flame              Hex/Fire       Unusable     N/A         3
 Portal Projectile        Hex/Tloc       Unusable     N/A         3
 Summon Guardian Golem    Hex/Summ       Unusable     N/A         3
 Tukima's Dance           Hex            Unusable     N/A         3
 Cause Fear               Hex            Unusable     N/A         4
 Fulminant Prism          Conj/Hex       Unusable     N/A         4
 Leda's Liquefaction      Hex/Erth       Unusable     N/A         4
 Sticky Flame             Conj/Fire      Unusable     N/A         4
 Summon Ice Beast         Ice/Summ       Unusable     N/A         4
 Summon Lightning Spire   Summ/Air       Unusable     N/A         4
 Bolt of Magma            Conj/Fire/Erth Unusable     N/A         5
 Metabolic Englaciation   Hex/Ice        Unusable     N/A         5
 Silence                  Hex/Air        Unusable     N/A         5
 Yara's Violent Unravell  Hex/Tmut       Unusable     N/A         5
 Invisibility             Hex            Unusable     N/A         6
 Starburst                Conj/Fire      Unusable     N/A         6
 Malign Gateway           Summ/Tloc      Unusable     N/A         7
 Spellforged Servitor     Conj/Summ      Unusable     N/A         7
 Discord                  Hex            Unusable     N/A         8
 Ignition                 Fire           Unusable     N/A         8
 Fire Storm               Conj/Fire      Unusable     N/A         9

Dungeon Overview and Level Annotations

Branches:
Dungeon (15/15)            Temple (1/1) D:5            Lair (6/6) D:9
  Swamp (4/4) Lair:4        Snake (4/4) Lair:3        Slime (0/5) Lair:6
    Orc (2/2) D:11            Elf (3/3) Orc:2        Vaults (5/5) D:13
  Crypt (0/3) Vaults:3     Depths (5/5) D:15            Zot (5/5) Depths:5
  Sewer (visited)           IceCv (visited)          WizLab (visited)

Altars:
Ashenzari
Cheibriados
Dithmenos
Elyvilon
Fedhas
Gozag
Hepliaklqana
Kikubaaqudgha
Makhleb
Nemelex Xobeh
Okawaru
Qazlal
Ru
Sif Muna
Trog
Uskayaw
Vehumet
Wu Jian
Xom
Yredelemnul
Zin
The Shining One
Beogh

Shops:
D:7 *   D:8 *   D:9 }   D:13 *   Orc:2 }*=[   Elf:1 (}   Elf:2 *(*(   Elf:3 [[=
Snake:2 *   Snake:3 (}((   Vaults:1 ((=}=   Vaults:2 [   Vaults:4 (
Depths:1 *

Portals:
Hell: Lair:6 Depths:1 Depths:2 Depths:3 Depths:4 Depths:5
Abyss: Depths:4
Pandemonium: Depths:3 Depths:4
Ziggurat: Depths:5

Annotations:
D:2 Natasha
Lair:3 exclusion: 2 oklob plants
Snake:2 3 runed translucent doors, exclusion: obsidian statue, Heidaam's ghost, adept MiFi
Depths:5 2 transporters


Innate Abilities, Weirdness & Mutations

You reflexively headbutt those who attack you in melee.
You have a pair of large horns on your head.
You cannot be stealthy.
You cannot study or use magical devices.
You cannot study or cast Fire magic.
You cannot study or cast Hexes magic.
You cannot study or cast Summoning magic.
Your casting is slightly disrupted.
You are somewhat inexperienced. (-2 XL)
You have sharp toenails.
Your skin changes colour to match your surroundings (Stealth+).
You are clumsy. (Dex -2)
Your body sometimes deteriorates upon taking damage.
You occasionally shout uncontrollably at your foes.
Your spells are a little easier to cast, but a little less powerful.


Message History

There is a stone staircase leading down here.
There is an empty arch of ancient stone here.
You shout at the Hell Sentinel!
A Hell Sentinel comes into view.
Throwing (i - inventory. (/) - cycle)
L - 5 silver javelins (quivered)
Aim: a Hell Sentinel You throw a silver javelin.
The silver javelin pierces through the Hell Sentinel!!!
Throwing (i - inventory. (/) - cycle)
L - 4 silver javelins (quivered)
Aim: a Hell Sentinel (moderately wounded)
You throw a silver javelin.
The silver javelin pierces through the Hell Sentinel but does no damage.
Throwing (i - inventory. (/) - cycle)
L - 3 silver javelins (quivered)
Aim: a Hell Sentinel (moderately wounded)
You throw a silver javelin.
The silver javelin pierces through the Hell Sentinel but does no damage.
Throwing (i - inventory. (/) - cycle)
L - 2 silver javelins (quivered)
Aim: a Hell Sentinel (moderately wounded)
You throw a silver javelin.
The silver javelin pierces through the Hell Sentinel!!
The Hell Sentinel gestures at you. The iron shot misses you.
Throwing (i - inventory. (/) - cycle)
L - a silver javelin (quivered)
Aim: a Hell Sentinel (heavily wounded)
You throw a silver javelin.
The silver javelin pierces through the Hell Sentinel!
Throwing (i - inventory)
v - 7 javelins (quivered)
Aim: a Hell Sentinel (severely wounded)
You throw a javelin.
The javelin barely misses the Hell Sentinel.
You are struck by the Hell Sentinel's spines.
You slice the Hell Sentinel!! You headbutt the Hell Sentinel!
You kill the Hell Sentinel!
An Orb Guardian comes into view.
An Orb Guardian comes into view.
You block the Orb Guardian's attack.
Things that are here:
a javelin; 5 silver javelins You slash the Orb Guardian!
You block the Orb Guardian's attack.
Your shield and gold dragon scales prevent you from hitting the Orb Guardian.
You block the Orb Guardian's attack. You block the Orb Guardian's attack.
You block the Orb Guardian's attack. The Orb Guardian misses you.
There is a staircase leading out of the dungeon here.
You block the Orb Guardian's attack. The Orb Guardian closely misses you.
You furiously retaliate!
You headbutt the Orb Guardian!
You riposte.
You closely miss the Orb Guardian. Your headbutt misses the Orb Guardian.
You slash the Orb Guardian!
Lightning courses through the Orb Guardian!!
You have escaped!

#.# ###.###### #.# #.#
#...# #.# #.# #.###
#####.# #.# #.# #.....##
############# #......#
#...........# ######.#
##.8.♣.8.♣.8.## #.#
###.............##### #.#
..∩.≈≈≈≈≈≈≈≈≈≈≈X@#..# #.#
###..........(.X###.# #.#
# ##.8.♣.8.♣.8.####.# #.#
####...........#....## #.#
...#############.....###.#
.........................#
.#########..##.......#####
.# #..##......## .##
#..####.##.#


You could see 2 Orb Guardians.

Vanquished Creatures
  4 orbs of fire
  A juggernaut (Zot:5)
  5 ancient liches
  A pandemonium lord (D:2)
  Bai Suzhen (Vaults:4)
  6 Killer Klowns
  Saint Roka (Depths:5)
  A caustic shrike (Depths:5)
  3 curse toes
  Nikola (Depths:1)
  8 golden dragons
  2 electric golems
  17 tentacled monstrosities
  29 Orb Guardians
  4 liches
  2 Hell Sentinels
  3 titans
  3 deep elf blademasters (Elf:3)
  14 quicksilver dragons
  2 deep elf master archers (Elf:3)
  7 death cobs
  5 sphinxes
  10 tengu reavers
  4 draconian monks
  An ancient champion (Depths:5)
  2 thorn hunters
  Donald (Elf:3)
  6 shadow dragons
  8 nagarajas
  11 storm dragons
  10 fire giants
  14 frost giants
  14 vault wardens
  3 draconian knights
  An iron dragon (Depths:2)
  A cacodemon (Depths:3)
  Aizul (Vaults:3)
  5 draconian scorchers
  3 ghost moths
  3 large abominations
  2 balrugs (WizLab)
  8 deep elf sorcerers
  5 orc warlords
  6 draconian stormcallers
  3 draconian shifters
  15 ironheart preservers
  13 draconian annihilators
  3 spriggan defenders (Depths:5)
  4 deep elf elementalists
  22 stone giants
  2 reapers
  2 entropy weavers
  11 green draconians
  A black sun (D:13)
  27 very ugly things
  4 war gargoyles
  A lorocyproca (Depths:2)
  9 yellow draconians
  6 deep elf demonologists
  10 deep elf annihilators
  A dire elephant (Zot:1)
  18 black draconians
  7 white draconians
  4 spark wasps
  21 purple draconians
  7 red draconians
  9 deep elf death magi
  A blizzard demon (WizLab)
  2 green deaths (Swamp:4)
  Snorg (D:10)
  10 fire dragons
  An ettin (shapeshifter) (Vaults:5)
  10 ettins
  6 rakshasas
  7 deep elf high priests
  34 vault guards
  A servant of whispers (Vaults:4)
  Fannar (Lair:2)
  15 yaktaur captains
  2 shambling mangroves
  5 ghost crabs
  16 naga warriors
  14 centaur warriors
  18 great orbs of eyes
  11 hydras
  4 spriggan air magi
  9 ice dragons
  A monstrous demonspawn (D:13)
  18 anacondas
  23 dancing weapons
  2 catoblepae
  58 two-headed ogres
  10 alligators
  2 death knights
  11 tengu warriors
  9 deep troll shamans
  3 spriggan berserkers
  10 deep troll earth magi
  7 death yaks
  16 ogre magi
  3 hell hogs (Depths:1)
  A titan zombie (Vaults:5)
  Urug (Lair:3)
  A hell knight (Depths:5)
  A shock serpent (shapeshifter) (Vaults:5)
  Sonja (D:13)
  4 orc high priests (Orc:2)
  7 naga sharpshooters
  7 shock serpents
  29 deep elf knights
  8 salamander mystics (Snake:4)
  6 sun demons
  A shadow wraith (Vaults:1)
  8 skeletal warriors
  3 soul eaters
  A deep troll (shapeshifter) (Depths:5)
  4 flayed ghosts
  17 deep trolls
  A sea snake (shapeshifter) (Vaults:5)
  10 swamp dragons
  2 spriggan druids (Swamp:4)
  A cherub (D:14)
  A shadow dragon zombie (Vaults:4)
  2 shadow demons (WizLab)
  4 lindwurms (Snake:4)
  A glowing orange brain (Depths:3)
  11 ironbrand convokers
  A swamp dragon (shapeshifter) (Vaults:5)
  15 unseen horrors
  A lindwurm (shapeshifter) (Vaults:4)
  4 phantasmal warriors
  6 harpies
  8 wizards
  16 deep elf archers
  15 orc knights
  9 naga ritualists
  65 deep elf magi
  A mana viper (shapeshifter) (Vaults:5)
  4 necromancers
  18 mana vipers
  2 wolf spiders
  52 ugly things
  6 manticores
  13 orc sorcerers
  A salamander (shapeshifter) (Depths:5)
  6 cyclopes
  14 moths of wrath
  15 salamanders
  An elephant (Lair:6)
  Maurice (Orc:2)
  47 black mambas
  A human skeleton (Vaults:5)
  24 naga magi
  2 guardian serpents (shapeshifter)
  A water nymph (shapeshifter) (Vaults:4)
  A rust devil (Depths:4)
  2 torpor snails
  13 vault sentinels
  2 ice statues (IceCv)
  A gargoyle (D:10)
  7 guardian serpents
  2 centaur skeletons (D:13)
  4 smoke demons
  5 orange demons
  4 rime drakes (Lair:6)
  A kobold demonologist (D:15)
  22 cane toads
  3 hellions
  5 komodo dragons
  An elf zombie (Vaults:5)
  4 freezing wraiths
  6 ice devils
  52 yaktaurs
  A polar bear (shapeshifter) (Vaults:1)
  A demonic crawler (D:15)
  2 hellwings
  4 tengu conjurers
  24 hornets
  A hornet (shapeshifter) (Vaults:5)
  A meliai (shapeshifter) (Vaults:2)
  A red devil (Zot:4)
  15 polar bears (IceCv)
  19 trolls
  3 jumping spiders (shapeshifter)
  A jumping spider (Vaults:4)
  3 meliai zombies
  A blink frog (shapeshifter) (Vaults:4)
  9 tyrant leeches
  A tyrant leech (shapeshifter) (Vaults:5)
  3 saltlings (Vaults:4)
  8 bog bodies
  15 blink frogs
  19 hippogriffs
  3 hippogriffs (shapeshifter)
  18 dream sheep
  28 slime creatures
  3 raiju (shapeshifter)
  A frost giant simulacrum (Vaults:1)
  A stone giant simulacrum (Vaults:5)
  9 water elementals
  2 redbacks
  14 spriggans
  A spriggan (shapeshifter) (Depths:2)
  5 air elementals
  A redback (shapeshifter) (Depths:3)
  A vampire (D:14)
  6 shadows
  A wyvern (D:13)
  A tarantella (Vaults:2)
  76 yaks
  A ynoxinul (Depths:4)
  5 fire elementals
  4 fire bats (Lair:4)
  A yak (shapeshifter) (Vaults:4)
  2 wyverns (shapeshifter)
  5 wraiths
  A human (shapeshifter) (Depths:1)
  A basilisk (shapeshifter) (Vaults:2)
  31 vampire mosquitoes
  4 basilisks
  4 small abominations
  2 acid dragons
  Edmund (D:5)
  15 wargs
  22 insubstantial wisps
  42 nagas
  A deep troll zombie (Vaults:4)
  19 swamp worms
  9 porcupines
  14 hell hounds
  23 water moccasins
  5 swamp drakes
  5 sky beasts
  2 ettin simulacra
  82 orc warriors
  An eye of draining (shapeshifter) (Vaults:1)
  5 ice beasts
  2 black bears
  3 phantoms
  2 eyes of draining
  48 ogres
  18 wolves
  21 centaurs
  13 boggarts
  14 crocodiles
  3 big kobolds (Sewer)
  22 bullfrogs
  4 earth elementals (Depths:1)
  A wyvern zombie (D:13)
  4 wyvern skeletons
  4 scorpions
  8 killer bees (D:9)
  2 howler monkeys (D:9)
  10 wights
  A quasit (Depths:4)
  A lava snake (Lair:4)
  5 centaur zombies
  5 bullfrog zombies
  2 crimson imps (Depths:4)
  2 human simulacra (Vaults:3)
  8 hounds
  2 bullfrog skeletons
  45 orc priests
  6 iguanas
  2 iron imps (Depths:4)
  3 jellies
  21 orc wizards
  5 hell rats (Lair:3)
  Natasha (twice) (D:2)
  A killer bee zombie (D:7)
  14 worker ants
  3 hound zombies
  A howler monkey zombie (D:9)
  A worker ant zombie (D:10)
  16 adders
  3 gnolls (D:4)
  A river rat (Sewer)
  7 shadow imps
  14 white imps
  4 ufetubi
  An ooze (Sewer)
  An adder zombie (D:5)
  2 adder skeletons
  6 worms
  2 dart slugs
  6 leopard geckos
  141 orcs
  10 bats
  6 giant cockroaches
  4 goblins
  8 hobgoblins
  17 jackals
  12 kobolds
  2 quokkas
  A quokka (shapeshifter) (Vaults:5)
  3 ball pythons
  9 frilled lizards
  A jackal zombie (D:9)
  A leopard gecko skeleton (D:8)
  A leopard gecko zombie (D:9)
  A quokka skeleton (D:4)
  15 rats
  2 briar patches (Swamp:3)
  A butterfly (Lair:2)
  2 crawling corpses (Elf:3)
2616 creatures vanquished.

Vanquished Creatures (collateral kills)
  An ufetubus (D:7)
1 creature vanquished.

Vanquished Creatures (others)
  A golden dragon (Depths:4)
  An Orb Guardian (Zot:5)
  A titan (Depths:5)
  2 death cobs
  2 draconian monks
  A nagaraja (Snake:4)
  Louise (D:14)
  A draconian shifter (Zot:1)
  A draconian scorcher (Zot:1)
  A draconian stormcaller (Zot:1)
  A deep elf elementalist (Elf:3)
  A very ugly thing (Depths:3)
  A stone giant (Depths:5)
  2 black draconians
  A yellow draconian (Zot:1)
  2 red draconians
  A white draconian (Zot:3)
  2 yaktaur captains (Vaults:5)
  A deep elf high priest (Depths:5)
  A great orb of eyes (Depths:4)
  A rakshasa (Depths:1)
  An ice dragon (shapeshifter) (Vaults:5)
  A spriggan air mage (Depths:5)
  An alligator (Swamp:2)
  3 dancing weapons (Elf:2)
  A naga sharpshooter (Snake:4)
  A soul eater (WizLab)
  A deep troll shaman (Vaults:5)
  3 deep trolls
  An orc knight (Orc:2)
  A deep elf archer (Elf:2)
  2 deep elf magi (Elf:2)
  A slime creature (Swamp:4)
  A vault sentinel (Vaults:2)
  A black mamba (Snake:2)
  2 cane toads
  2 yaktaurs
  A freezing wraith (Vaults:3)
  A tyrant leech (Swamp:2)
  A hippogriff (Lair:5)
  A spriggan (Swamp:4)
  A shadow (Swamp:4)
  A yak (Lair:6)
  A water elemental (Elf:2)
  A fire elemental (Elf:2)
  A swamp worm (Swamp:4)
  3 nagas
  4 insubstantial wisps (Swamp:2)
  A porcupine (Lair:3)
  A phantom (D:12)
  A black bear (D:8)
  An ogre (Vaults:2)
  A wolf (Lair:2)
  A centaur (D:8)
  A human skeleton (Vaults:4)
  A deep troll simulacrum (Vaults:1)
  A centaur zombie (D:8)
  An adder (Lair:3)
  7 orcs
  A quokka (D:15)
  A leopard gecko skeleton (D:8)
  A briar patch (Swamp:3)
  18 fungi
  27 plants
130 creatures vanquished.

Grand Total: 2747 creatures vanquished

Notes
Turn   | Place    | Note
-------+----------+-------------------------------------------
     0 | D:5      | vurker the Minotaur Delver began the quest for the Orb.
     0 | D:5      | Reached XP level 1. HP: 19/19 MP: 0/0
    74 | D:5      | Reached XP level 2. HP: 10/27 MP: 1/1
    74 | D:5      | Noticed a scorpion
    90 | D:5      | Killed a scorpion
    90 | D:5      | Reached XP level 3. HP: 5/34 MP: 2/2
   403 | D:4      | Found a stormy altar of Qazlal.
   428 | D:4      | Noticed an ice beast
   440 | D:3      | Reached XP level 4. HP: 31/41 MP: 3/3
   819 | D:3      | Reached skill level 5 in Axes
  1066 | D:2      | Found a snail-covered altar of Cheibriados.
  1292 | D:1      | Reached XP level 5. HP: 45/47 MP: 4/4
  1588 | D:1      | Reached skill level 5 in Fighting
  2035 | D:2      | Noticed Natasha
  2043 | D:2      | Killed Natasha
  2263 | D:2      | Noticed Natasha
  2270 | D:2      | Killed Natasha
  2355 | D:2      | Found a white marble altar of Elyvilon.
  3018 | D:4      | Killed an ice beast
  3018 | D:4      | Reached XP level 6. HP: 57/57 MP: 5/5
  3622 | D:4      | Reached XP level 7. HP: 45/63 MP: 6/6
  3951 | D:5      | Found a snail-covered altar of Cheibriados.
  3953 | D:5      | Found a sacrificial altar of Ru.
  3953 | D:5      | Found a sacrificial altar of Ru.
  3955 | D:5      | Found a glowing silver altar of Zin.
  3955 | D:5      | Found a bloodstained altar of Trog.
  3955 | D:5      | Found a shimmering altar of Xom.
  3994 | D:5      | Found a shadowy altar of Dithmenos.
  4018 | D:5      | Found a staircase to the Ecumenical Temple.
  4101 | Temple   | Entered the Ecumenical Temple
  4153 | Temple   | Became a worshipper of Ru the Awakened
  4365 | D:5      | Noticed Edmund
  4376 | D:5      | Killed Edmund
  4906 | D:6      | Found a glowing drain.
  4918 | Sewer    | Entered a sewer
  5038 | Sewer    | Reached XP level 8. HP: 73/73 MP: 7/7
  5521 | D:6      | Reached skill level 10 in Axes
  5616 | D:6      | Gained mutation: You are somewhat inexperienced. (-2 XL)
                  | [Ru sacrifice]
  5616 | D:6      | Reached XP level 7. HP: 67/67 MP: 6/6
  5616 | D:6      | Reached XP level 6. HP: 61/61 MP: 5/5
  5616 | D:6      | Reached * piety under Ru
  5616 | D:6      | Reached ** piety under Ru
  5792 | D:6      | Got a pitted mace
  6133 | D:7      | Found Olisor's General Store.
  6147 | D:7      | Identified the cursed +1 mace of the Swamp {venom, rElec
                  | rF+} (You found it on level 6 of the Dungeon)
  6282 | D:7      | Noticed an ice beast
  6298 | D:7      | Killed an ice beast
  6298 | D:7      | Reached XP level 7. HP: 68/68 MP: 6/6
  6657 | D:8      | Found a radiant altar of Vehumet.
  6678 | D:8      | Found Eru Kagh's Assorted Antiques.
  6771 | D:8      | Bought a glowing grey potion for 20 gold pieces
  6806 | D:8      | Noticed a hippogriff
  6814 | D:8      | Killed a hippogriff
  6814 | D:8      | Reached XP level 8. HP: 66/77 MP: 7/7
  7094 | D:8      | Noticed a two-headed ogre
  7094 | D:8      | Noticed a hornet
  7098 | D:8      | Killed a hornet
  7104 | D:8      | HP: 3/78 [two-headed ogre/+0 giant spiked club (23)]
  7105 | D:8      | Killed a two-headed ogre
  7105 | D:8      | Reached skill level 10 in Fighting
  7105 | D:8      | Reached XP level 9. HP: 3/85 MP: 8/8
  7552 | D:8      | Noticed a centaur warrior
  7556 | D:8      | Noticed a purple ugly thing
  7994 | D:8      | Killed a centaur warrior
  8236 | D:8      | Found a shattered altar of Ashenzari.
  8236 | D:8      | Found a glowing silver altar of Zin.
  8351 | D:8      | Killed a purple ugly thing
  8351 | D:8      | Reached XP level 10. HP: 39/95 MP: 9/9
  8590 | D:8      | Killed an unseen horror
  9032 | D:9      | Gained mutation: You cannot study or use magical devices.
                  | [Ru sacrifice]
  9032 | D:9      | Reached *** piety under Ru
  9032 | D:9      | Reached **** piety under Ru
  9096 | D:9      | Found a staircase to the Lair.
  9107 | D:9      | Reached skill level 15 in Axes
  9249 | D:9      | Noticed a two-headed ogre
  9256 | D:9      | Killed a two-headed ogre
  9351 | D:9      | Got a warped trident
  9371 | D:9      | Noticed a yaktaur captain
  9432 | D:9      | Killed a yaktaur captain
  9449 | D:9      | Reached XP level 11. HP: 39/104 MP: 10/10
  9492 | D:9      | Killed an unseen horror
 10116 | D:9      | Identified the cursed +0 scale mail of Unambiguity {rN+}
 10252 | D:9      | Found a glowing golden altar of the Shining One.
 10252 | D:9      | Found Uruy's Gadget Emporium.
 10253 | D:9      | Found a shimmering blue altar of Sif Muna.
 10387 | D:9      | Noticed a two-headed ogre
 10394 | D:9      | Killed a two-headed ogre
 11122 | D:10     | Entered Level 10 of the Dungeon
 11139 | D:10     | Identified the cursed +0 trident "Juddiohuu" {holy, rF++
                  | rC+} (You found it on level 9 of the Dungeon)
 11494 | D:10     | Killed an unseen horror
 11608 | D:10     | Reached skill level 15 in Fighting
 11787 | D:10     | Gained mutation: You cannot study or cast Fire magic. [Ru
                  | sacrifice]
 11787 | D:10     | Gained mutation: You cannot study or cast Hexes magic. [Ru
                  | sacrifice]
 11787 | D:10     | Gained mutation: You cannot study or cast Summoning magic.
                  | [Ru sacrifice]
 11787 | D:10     | Reached ***** piety under Ru
 11901 | D:10     | Noticed Snorg
 11908 | D:10     | Killed Snorg
 11961 | D:10     | Noticed a two-headed ogre
 12491 | D:10     | Killed a two-headed ogre
 12491 | D:10     | Reached skill level 1 in Armour
 12491 | D:10     | Reached XP level 12. HP: 47/122 MP: 11/11
 13191 | D:11     | Noticed an eight-headed hydra
 13203 | D:11     | Killed a 12-headed hydra
 13209 | D:11     | Noticed a death knight
 13488 | D:11     | Found a staircase to the Orcish Mines.
 13577 | D:10     | Reached skill level 5 in Armour
 13820 | D:11     | Killed a death knight
 14141 | D:11     | Noticed a centaur warrior
 14150 | D:11     | Killed a centaur warrior
 14449 | Lair:1   | Entered Level 1 of the Lair of Beasts
 14473 | Lair:1   | Gained mutation: Your casting is slightly disrupted. [Ru
                  | sacrifice]
 14523 | Lair:1   | Got a transparent ring mail
 14553 | Lair:1   | Reached skill level 1 in Shields
 14796 | Lair:1   | Got a twisted quarterstaff
 15255 | Lair:1   | Reached skill level 1 in Throwing
 15820 | Lair:2   | Noticed Fannar
 15839 | Lair:2   | Killed Fannar
 15839 | Lair:2   | Reached XP level 13. HP: 133/133 MP: 12/12
 16185 | Lair:2   | Gained mutation: You cannot be stealthy. [Ru sacrifice]
 16185 | Lair:2   | Reached ****** piety under Ru
 17361 | Lair:3   | Noticed Urug
 17372 | Lair:3   | Killed Urug
 17372 | Lair:3   | Reached skill level 5 in Shields
 17395 | Lair:3   | Found a staircase to the Snake Pit.
 18161 | Lair:4   | Found a staircase to the Swamp.
 18288 | Lair:4   | Found a frozen archway.
 18313 | IceCv    | Entered an ice cave
 18391 | IceCv    | Reached skill level 5 in Throwing
 18800 | IceCv    | Noticed a frost giant
 18808 | IceCv    | Reached skill level 10 in Armour
 18826 | IceCv    | Killed a frost giant
 18940 | IceCv    | Got a shimmering hat
 18946 | IceCv    | Identified the +0 hat of the Everdark {Str+3} (You found it
                  | in an ice cave)
 19712 | Lair:5   | Reached XP level 14. HP: 136/143 MP: 13/13
 20493 | Lair:6   | Entered Level 6 of the Lair of Beasts
 20684 | Lair:6   | Reached skill level 5 in Dodging
 21091 | Lair:6   | Found a staircase to the Slime Pits.
 21412 | Lair:6   | Found a burning altar of Makhleb.
 21431 | Lair:6   | Found a gateway to Hell.
 21432 | Lair:6   | Found the +5 demon whip "Spellbinder" {antimagic, MR+}
 22077 | Orc:1    | Entered Level 1 of the Orcish Mines
 22098 | D:11     | Reached XP level 15. HP: 123/152 MP: 6/14
 22170 | Orc:1    | Reached skill level 1 in Maces & Flails
 22290 | Orc:1    | Noticed an orc warlord
 22312 | Orc:1    | Killed an orc warlord
 22485 | Orc:1    | Noticed an orc warlord
 22504 | Orc:1    | Killed an orc warlord
 22900 | Orc:2    | Entered Level 2 of the Orcish Mines
 22960 | Orc:2    | Noticed Maurice
 22973 | Orc:2    | Killed Maurice
 23137 | Orc:1    | You fall into a shaft and drop 1 floor!
 23578 | Orc:2    | Found a roughly hewn altar of Beogh.
 23811 | Orc:2    | Found Ludacua's Armour Boutique.
 23847 | Orc:2    | Found Giohiwk's Jewellery Shop.
 24128 | Orc:2    | Noticed an orc warlord
 24137 | Orc:2    | Found a roughly hewn altar of Beogh.
 24150 | Orc:2    | Killed an orc warlord
 24393 | Orc:2    | Found Ewajen's Assorted Antiques.
 24463 | Orc:2    | Found Ziubi's Gadget Shop.
 24727 | Orc:2    | Found a staircase to the Elven Halls.
 24921 | Orc:2    | Bought a +0 tower shield of poison resistance for 110 gold
                  | pieces
 24921 | Orc:2    | Bought the +0 pair of fencer's gloves {Riposte Dex+3} for
                  | 520 gold pieces
 24921 | Orc:2    | Found the +0 pair of fencer's gloves {Riposte Dex+3}
 25000 | Orc:2    | Bought an ancient granite ring for 140 gold pieces
 25000 | Orc:2    | Identified the ring "Buhase" {Wiz rF+ Str+7} (You bought it
                  | in a shop on level 2 of the Orcish Mines)
 25480 | D:12     | Found a white marble altar of Elyvilon.
 26369 | D:13     | Got a masterwork mace
 26399 | D:13     | Found a gate to the Vaults.
 26400 | D:13     | Noticed Sonja
 26401 | D:13     | Killed Sonja
 26406 | D:13     | Reached skill level 10 in Throwing
 26406 | D:13     | Reached XP level 16. HP: 137/162 MP: 6/15
 26568 | D:13     | Found Estraome's Elemental Accessories.
 26970 | D:14     | Noticed Louise
 26977 | D:14     | Found a glowing golden altar of the Shining One.
 26988 | D:14     | Killed Louise
 27123 | D:14     | Got a brightly glowing robe
 27653 | D:15     | Entered Level 15 of the Dungeon
 27739 | D:15     | Found a staircase to the Depths.
 28017 | D:15     | Reached skill level 10 in Shields
 28162 | D:15     | Found a white marble altar of Elyvilon.
 28639 | Orc:2    | Bought a glowing filigree amulet for 140 gold pieces
 28984 | Snake:1  | Entered Level 1 of the Snake Pit
 30881 | Snake:2  | Found an opulent altar of Gozag.
 30882 | Snake:2  | Found a runed translucent gate.
 30882 | Snake:2  | Found a runed translucent gate.
 30882 | Snake:2  | Found a runed translucent gate.
 30883 | Snake:2  | Found Haer's Assorted Antiques.
 30884 | Snake:2  | Noticed Heidaam's ghost (adept MiFi)
 31351 | Snake:3  | Found Exer's Antique Weapon Boutique.
 31598 | Snake:3  | Reached XP level 17. HP: 126/171 MP: 16/16
 31854 | Snake:3  | Found Enol's Weapon Emporium.
 31854 | Snake:3  | Found Uwkisink's Gadget Shoppe.
 31874 | Snake:3  | Found Atai's Weapon Emporium.
 32209 | Snake:4  | Entered Level 4 of the Snake Pit
 32504 | Snake:4  | Reached skill level 15 in Armour
 34362 | Snake:4  | Reached XP level 18. HP: 117/182 MP: 17/17
 35016 | Snake:4  | Got a serpentine rune of Zot
 35317 | Swamp:1  | Entered Level 1 of the Swamp
 35418 | Swamp:1  | You fall into a shaft and drop 1 floor!
 35497 | Swamp:2  | Reached skill level 10 in Dodging
 35581 | Swamp:2  | Identified the Tome of the Mutagenic Oath
 35656 | Swamp:2  | Identified the Collected Works on Frigorific Displacement
 37686 | Swamp:4  | Entered Level 4 of the Swamp
 37922 | Swamp:4  | Reached skill level 5 in Maces & Flails
 38338 | Swamp:4  | Noticed a tentacled monstrosity
 38351 | Swamp:4  | Killed a tentacled monstrosity
 38442 | Swamp:4  | Reached XP level 19. HP: 109/191 MP: 18/18
 38770 | Swamp:4  | Got a decaying rune of Zot
 39273 | Elf:1    | Entered Level 1 of the Elven Halls
 39580 | Elf:1    | Found Huqawk's Antique Weapon Emporium.
 39582 | Elf:1    | Found Tiott's Gadget Shoppe.
 39902 | Elf:1    | Identified the Papyrus of Conjuration
 40385 | Elf:2    | Found Silyuxt's Antique Weapon Boutique.
 40397 | Elf:2    | Found Kodghok's Assorted Antiques.
 40407 | Elf:2    | Bought a glowing citrine amulet for 115 gold pieces
 40450 | Elf:2    | Found a runed translucent gate.
 40453 | Elf:2    | Found a runed translucent gate.
 40454 | Elf:2    | Found a runed translucent gate.
 40466 | Elf:2    | Found Nuafiyl's General Store.
 40675 | Elf:2    | Found Oraaph's Weapon Boutique.
 40750 | Elf:2    | Bought a scroll of teleportation for 60 gold pieces
 41829 | Elf:3    | Entered Level 3 of the Elven Halls
 41886 | Elf:3    | Found Ofec's Jewellery Emporium.
 42007 | Elf:3    | Reached XP level 20. HP: 40/202 MP: 16/19
 42388 | Elf:3    | Noticed Donald
 42404 | Elf:3    | Killed Donald
 42701 | Elf:3    | Found Paorph Idoa's Antique Armour Shop.
 42890 | Elf:3    | Bought a pair of glowing boots for 277 gold pieces
 42896 | Elf:3    | Bought a pair of glowing boots for 277 gold pieces
 43109 | Elf:3    | Identified a ring of the Octopus King {AC+1 EV+1 Str+1
                  | Int+1 Dex+1 Stlth+}
 43129 | Elf:3    | Identified the +12 short sword "Earthworm" {vorpal, MP+9}
 43493 | Elf:3    | Identified the +9 great sword of Risk Management {drain,
                  | Str+4 SInv Stlth+}
 43520 | Elf:3    | Identified the +6 morningstar of Ankeis {drain, MR+ Int+4}
 43520 | Elf:3    | Identified the +1 leather armour of Ebovoib {+Fly rC- rN+
                  | Int+2}
 43520 | Elf:3    | Identified the ring of Ru's Scorn {+Fly rF+ MR+ Int+6}
 43650 | Elf:3    | Identified the Volume of the Three Violins
 43722 | Elf:3    | Got a fine ring mail
 43794 | Elf:3    | Found Itselorch's Antique Armour Emporium.
 43925 | Elf:3    | Bought a pair of runed gloves for 300 gold pieces
 43925 | Elf:3    | Bought a polished plate armour for 1120 gold pieces
 43925 | Elf:3    | Identified the +5 plate armour of Ofudduol {rPois rN+} (You
                  | bought it in a shop on level 3 of the Elven Halls)
 44312 | Elf:3    | Found a shimmering blue altar of Sif Muna.
 44611 | Vaults:1 | Entered Level 1 of the Vaults
 44688 | Vaults:1 | Found Xuimmako's Jewellery Shoppe.
 44698 | Vaults:1 | Found Bipn's Gadget Boutique.
 44707 | Vaults:1 | Found Urewnyol's Jewellery Emporium.
 45192 | Vaults:1 | Found Sorhi's Antique Weapon Shoppe.
 45208 | Vaults:1 | Found Zattogy's Weapon Emporium.
 45814 | Vaults:1 | Reached skill level 15 in Throwing
 46780 | Vaults:2 | Found Vetuaph's Armour Shoppe.
 46842 | Vaults:2 | Bought the +2 pair of boots of Defence {rElec rPois Dex+2}
                  | for 664 gold pieces
 47052 | Vaults:2 | Reached XP level 21. HP: 211/211 MP: 20/20
 48247 | Vaults:3 | Found a staircase to the Crypt.
 48247 | Vaults:3 | Found an ancient bone altar of Kikubaaqudgha.
 48259 | Vaults:3 | Noticed Aizul
 48269 | Vaults:3 | Killed Aizul
 48542 | Vaults:3 | Found a basalt altar of Yredelemnul.
 49283 | Vaults:4 | Found Waxurgh's Weapon Shop.
 49573 | Vaults:4 | Found a shattered altar of Ashenzari.
 49751 | Vaults:4 | Identified a scroll of acquirement
 49791 | Vaults:4 | Acquired a manual of Armour
 50015 | Vaults:4 | Noticed Bai Suzhen
 50032 | Vaults:4 | Killed Bai Suzhen
 50811 | Vaults:5 | Entered Level 5 of the Vaults
 50813 | Vaults:5 | Reached XP level 22. HP: 180/222 MP: 21/21
 50885 | Vaults:5 | Noticed a golden dragon
 50885 | Vaults:5 | Identified the ring of Insomnia {rPois rF+}
 50911 | Vaults:5 | Killed a golden dragon
 51086 | Vaults:5 | Reached skill level 15 in Shields
 51128 | Vaults:4 | HP: 4/224 [lindwurm (glowing shapeshifter)/blast of flame
                  | (11)]
 51604 | Vaults:5 | Identified the +10 plate armour of a volcano {rElec Str+3
                  | Int-3 Dex+3}
 51827 | Vaults:4 | Reached XP level 23. HP: 39/232 MP: 17/22
 52393 | Vaults:5 | Noticed an ancient lich
 52418 | Vaults:5 | Killed an ancient lich
 53054 | Vaults:5 | Got a silver rune of Zot
 53490 | Vaults:5 | Identified the Reference Book on Ashen Cold
 53927 | Depths:1 | Entered Level 1 of the Depths
 53999 | Depths:1 | Noticed Nikola
 54008 | Depths:1 | Killed Nikola
 54210 | Depths:1 | Acquired 4210 gold pieces
 54724 | Elf:3    | Bought the ring "Piusiviorph" {rPois rF+ rC++ Int-4 Dex+2}
                  | for 742 gold pieces
 55670 | Depths:1 | Found Gaohinta's Changing Room.
 55692 | Depths:1 | Bought a potion of mutation for 104 gold pieces
 55692 | Depths:1 | Bought a potion of mutation for 104 gold pieces
 55692 | Depths:1 | Bought 2 potions of mutation for 208 gold pieces
 56069 | Depths:2 | Identified the Almanac of Lightness and Transformation
 56411 | Depths:2 | Found a portal to a secret trove of treasure.
 56616 | Depths:2 | You paid a toll of a +5 demon whip to enter a treasure
                  | trove
 56617 | Trove    | Entered a treasure trove
 56623 | Trove    | Got a transparent buckler
 56625 | Trove    | Got a pair of ichor-stained boots
 56637 | Trove    | Identified the cursed +0 pair of boots "Zafununk" {rC+
                  | Dex+2} (You found it in a treasure trove)
 56652 | Trove    | Got a transparent kite shield
 56655 | Trove    | Got a transparent cloak
 56656 | Trove    | Identified the +2 cloak of Peeroen {Regen+} (You found it
                  | in a treasure trove)
 56659 | Trove    | Found the +2 hood of the Assassin {Detection Stab+ Stlth++}
 56661 | Trove    | Got an encrusted crystal plate armour
 56682 | Trove    | Identified the cursed +1 crystal plate armour "Otafoluw"
                  | {MR+} (You found it in a treasure trove)
 56696 | Trove    | Got a distressingly furry hat
 56700 | Trove    | Identified the -1 hat "Nezuzxam" {rC+ Dex+4 SInv} (You
                  | found it in a treasure trove)
 57150 | Depths:2 | Reached XP level 24. HP: 243/243 MP: 22/22
 57392 | Depths:3 | Found the +2 Maxwell's thermic engine {flame, freeze}
 57620 | Depths:3 | Got a coiled ivory ring
 57621 | Depths:3 | Identified the ring of Curiosity {rC- EV+4 Dex+2 Stlth+}
                  | (You found it on level 3 of the Depths)
 57624 | Depths:3 | Got a flickering bronze amulet
 57625 | Depths:3 | Identified the amulet of the Bespelling Hero {Acrobat rPois
                  | MR+ Str+2} (You found it on level 3 of the Depths)
 57768 | Depths:3 | Found a one-way gate leading to the halls of Pandemonium.
 58806 | Depths:4 | Got an encrusted dagger
 58817 | Depths:4 | Found a magical portal.
 58822 | WizLab   | Entered Doroklohe's Tomb
 59794 | Depths:4 | Reached skill level 15 in Dodging
 60548 | Depths:4 | Found a one-way gate to the infinite horrors of the Abyss.
 61370 | Depths:5 | Entered Level 5 of the Depths
 61425 | Depths:5 | Reached XP level 25. HP: 254/255 MP: 22/22
 61492 | Depths:5 | Found a gateway to a ziggurat.
 61576 | Depths:5 | Noticed Saint Roka
 61601 | Depths:5 | Killed Saint Roka
 61800 | Depths:5 | Found a transporter.
 61832 | Depths:5 | Found a burning altar of Makhleb.
 61914 | Depths:5 | Found a transporter.
 62118 | Depths:5 | Identified the Disquisition on Cloudy Conjuration
 62128 | Depths:5 | Found a bloodstained altar of Trog.
 62313 | Depths:5 | Got a scorched silver ring
 62409 | Depths:5 | Identified the ring "Cuduj" {rF+ Str+4 Dex-2 Stlth+} (You
                  | found it on level 5 of the Depths)
 62534 | Depths:5 | Found a gate to the Realm of Zot.
 62760 | Depths:5 | Got a bound platinum ring
 62761 | Depths:5 | Identified the ring of the Raven {rC+ rN+ Str+3} (You found
                  | it on level 5 of the Depths)
 63084 | Depths:5 | Got a brightly glowing pewter ring
 63085 | Depths:5 | Identified the ring "Reblun" {SInv Stlth+} (You found it on
                  | level 5 of the Depths)
 63151 | Zot:1    | Entered Level 1 of the Realm of Zot
 63694 | Zot:1    | Reached skill level 27 in Fighting
 63889 | Zot:1    | HP: 10/257 [purple draconian/bolt of dispelling energy
                  | (38)]
 63895 | Zot:1    | HP: 9/257 [poisoned by a purple draconian annihilator
                  | (poison arrow)]
 63900 | Zot:1    | HP: 10/257 [poisoned by a purple draconian annihilator
                  | (poison arrow)]
 63907 | Zot:1    | HP: 11/257 [poisoned by a purple draconian annihilator
                  | (poison arrow)]
 64406 | Zot:1    | Noticed a Killer Klown
 64411 | Zot:1    | Identified the +7 flail "Walasch" {vorpal, Dex+2 SInv}
 64417 | Zot:1    | Killed a Killer Klown
 64718 | Zot:1    | Noticed an orb of fire
 64736 | Zot:1    | Gained mutation: You are clumsy. (Dex -2) [an orb of fire]
 64737 | Zot:1    | Gained mutation: Armour fits poorly on your strangely
                  | shaped body. [an orb of fire]
 64743 | Zot:1    | Killed an orb of fire
 64744 | Zot:1    | Lost mutation: Armour fits poorly on your strangely shaped
                  | body. [potion of mutation]
 64744 | Zot:1    | Gained mutation: You are frail. (-10% HP) [potion of
                  | mutation]
 64744 | Zot:1    | Gained mutation: You are partially covered in icy blue
                  | scales. (AC +2) [potion of mutation]
 64744 | Zot:1    | Gained mutation: Your spells are a little easier to cast,
                  | but a little less powerful. [potion of mutation]
 64744 | Zot:1    | Gained mutation: You have a pair of large horns on your
                  | head. [potion of mutation]
 64745 | Zot:1    | Lost mutation: You have a pair of large horns on your head.
                  | [potion of mutation]
 64745 | Zot:1    | Lost mutation: You are frail. (-10% HP) [potion of
                  | mutation]
 64745 | Zot:1    | Gained mutation: You have sharp toenails. [potion of
                  | mutation]
 64745 | Zot:1    | Gained mutation: You are occasionally teleported next to
                  | monsters. [potion of mutation]
 64745 | Zot:1    | Gained mutation: Your muscles are strong. (Str +2) [potion
                  | of mutation]
 64746 | Zot:1    | Lost mutation: Your spells are a little easier to cast, but
                  | a little less powerful. [potion of mutation]
 64746 | Zot:1    | Lost mutation: You have sharp toenails. [potion of
                  | mutation]
 64746 | Zot:1    | Lost mutation: Your muscles are strong. (Str +2) [potion of
                  | mutation]
 64746 | Zot:1    | Gained mutation: You are resistant to hostile enchantments.
                  | (MR+) [potion of mutation]
 64746 | Zot:1    | Gained mutation: You are highly resistant to hostile
                  | enchantments. (MR++) [potion of mutation]
 64747 | Zot:1    | Lost mutation: You are highly resistant to hostile
                  | enchantments. (MR++) [potion of mutation]
 64747 | Zot:1    | Lost mutation: You are partially covered in icy blue
                  | scales. (AC +2) [potion of mutation]
 64747 | Zot:1    | Gained mutation: You possess an exceptional clarity of
                  | mind. [potion of mutation]
 64747 | Zot:1    | Gained mutation: You have large cloven feet. [potion of
                  | mutation]
 64748 | Zot:1    | Lost mutation: You possess an exceptional clarity of mind.
                  | [potion of mutation]
 64748 | Zot:1    | Lost mutation: You are clumsy. (Dex -2) [potion of
                  | mutation]
 64748 | Zot:1    | Gained mutation: You have hoof-like feet. [potion of
                  | mutation]
 64748 | Zot:1    | Gained mutation: You are somewhat resistant to further
                  | mutation. [potion of mutation]
 64749 | Zot:1    | Lost mutation: You are resistant to hostile enchantments.
                  | (MR+) [potion of mutation]
 64749 | Zot:1    | Lost mutation: You are somewhat resistant to further
                  | mutation. [potion of mutation]
 64749 | Zot:1    | Lost mutation: You have hoof-like feet. [potion of
                  | mutation]
 64749 | Zot:1    | Gained mutation: Your body sometimes deteriorates upon
                  | taking damage. [potion of mutation]
 64749 | Zot:1    | Gained mutation: Scrolls take you a little longer to read.
                  | [potion of mutation]
 64749 | Zot:1    | Gained mutation: You are partially covered in iridescent
                  | scales. (AC +2) [potion of mutation]
 64750 | Zot:1    | Lost mutation: Your body sometimes deteriorates upon taking
                  | damage. [potion of mutation]
 64750 | Zot:1    | Lost mutation: You are occasionally teleported next to
                  | monsters. [potion of mutation]
 64750 | Zot:1    | Lost mutation: Scrolls take you a little longer to read.
                  | [potion of mutation]
 64750 | Zot:1    | Gained mutation: You do not regenerate when monsters are
                  | visible. [potion of mutation]
 64750 | Zot:1    | Lost mutation: You are partially covered in iridescent
                  | scales. (AC +2) [potion of mutation]
 64750 | Zot:1    | Gained mutation: Your skin changes colour to match your
                  | surroundings (Stealth+). [potion of mutation]
 64750 | Zot:1    | Gained mutation: Your mind is acute. (Int +2) [potion of
                  | mutation]
 64751 | Zot:1    | Lost mutation: Your mind is acute. (Int +2) [potion of
                  | mutation]
 64751 | Zot:1    | Lost mutation: You have large cloven feet. [potion of
                  | mutation]
 64751 | Zot:1    | Gained mutation: You tend to lose your temper in combat.
                  | [potion of mutation]
 64751 | Zot:1    | Gained mutation: You are dopey. (Int -2) [potion of
                  | mutation]
 64751 | Zot:1    | Gained mutation: You are covered in fur. (AC +1) [potion of
                  | mutation]
 64752 | Zot:1    | Lost mutation: You are dopey. (Int -2) [potion of mutation]
 64752 | Zot:1    | Lost mutation: You tend to lose your temper in combat.
                  | [potion of mutation]
 64752 | Zot:1    | Gained mutation: Your muscles are strong. (Str +2) [potion
                  | of mutation]
 64752 | Zot:1    | Gained mutation: You evolve. [potion of mutation]
 64753 | Zot:1    | Lost mutation: You are covered in fur. (AC +1) [potion of
                  | mutation]
 64753 | Zot:1    | Lost mutation: Your muscles are strong. (Str +2) [potion of
                  | mutation]
 64753 | Zot:1    | Lost mutation: You evolve. [potion of mutation]
 64753 | Zot:1    | Gained mutation: You have a pair of large horns on your
                  | head. [potion of mutation]
 64753 | Zot:1    | Gained mutation: You are somewhat resistant to further
                  | mutation. [potion of mutation]
 64754 | Zot:1    | Lost mutation: You have a pair of large horns on your head.
                  | [potion of mutation]
 64755 | Zot:1    | Lost mutation: You are somewhat resistant to further
                  | mutation. [potion of mutation]
 64755 | Zot:1    | Lost mutation: You do not regenerate when monsters are
                  | visible. [potion of mutation]
 64755 | Zot:1    | Gained mutation: Your mind is acute. (Int +2) [potion of
                  | mutation]
 64755 | Zot:1    | Lost mutation: Your mind is acute. (Int +2) [potion of
                  | mutation]
 64755 | Zot:1    | Gained mutation: You have sharp toenails. [potion of
                  | mutation]
 64755 | Zot:1    | Gained mutation: You have a pair of large horns on your
                  | head. [potion of mutation]
 64811 | Zot:1    | Noticed a Killer Klown
 65004 | Zot:1    | Killed a Killer Klown
 65357 | Zot:1    | Identified the Papyrus of Combat Magic and Transmutation
 66979 | Zot:5    | Entered Level 5 of the Realm of Zot
 66981 | Zot:5    | Noticed a Killer Klown
 67005 | Zot:5    | Noticed a juggernaut
 67005 | Zot:5    | a Killer Klown changed into a juggernaut
 67008 | Zot:5    | Killed a juggernaut
 67274 | Zot:5    | Got a polished ring mail
 67358 | Zot:5    | Noticed an ancient lich
 67378 | Zot:5    | Killed an ancient lich
 68766 | Zot:5    | Noticed a Killer Klown
 68777 | Zot:5    | Killed a Killer Klown
 68799 | Zot:5    | Noticed an orb of fire
 68806 | Zot:5    | Gained mutation: Your spells are a little easier to cast,
                  | but a little less powerful. [an orb of fire]
 68816 | Zot:5    | Gained mutation: You occasionally shout uncontrollably at
                  | your foes. [an orb of fire]
 68824 | Zot:5    | Gained mutation: Your body sometimes deteriorates upon
                  | taking damage. [an orb of fire]
 68828 | Zot:5    | Killed an orb of fire
 69208 | Zot:5    | Noticed an orb of fire
 69211 | Zot:5    | Noticed an orb of fire
 69214 | Zot:5    | Gained mutation: You are clumsy. (Dex -2) [an orb of fire]
 69217 | Zot:5    | Killed an orb of fire
 69219 | Zot:5    | Noticed an ancient lich
 69220 | Zot:5    | Killed an orb of fire
 69223 | Zot:5    | Noticed a Killer Klown
 69230 | Zot:5    | Killed an ancient lich
 69230 | Zot:5    | Reached skill level 27 in Armour
 69233 | Zot:5    | Noticed an ancient lich
 69234 | Zot:5    | Noticed a Killer Klown
 69241 | Zot:5    | Noticed an ancient lich
 69253 | Zot:5    | Killed an ancient lich
 69255 | Zot:5    | Noticed a Killer Klown
 69257 | Zot:5    | Killed a Killer Klown
 69262 | Zot:5    | Killed an ancient lich
 69285 | Zot:5    | Killed a Killer Klown
 69293 | Zot:5    | Killed a Killer Klown
 69861 | Zot:5    | Got the Orb of Zot
 69977 | Zot:3    | Noticed Kef Zil the pandemonium lord
 70306 | D:12     | Noticed Ocanuypt the pandemonium lord
 70512 | D:7      | Noticed Jion the pandemonium lord
 70679 | D:2      | Noticed Fiuder the pandemonium lord
 70680 | D:2      | Killed Fiuder the pandemonium lord
 70695 | D:2      | Noticed Natasha
 70762 | D:$      | Escaped with the Orb!

Illustrated notes

Levels and vault maps discovered:
D:1:      mainiacjoe_arrival_reflecting_pool, layout_loops_ring
D:2:      layout_rooms, nicolae_overflow_hidden_temple, kennysheep_slug_shrine,
          uniq_natasha
D:3:      layout_basic
D:4:      layout_gridville, lemuel_doored_altar
D:5:      layout_basic, doesnt_xom_only_xom, old_standard_altar, temple_statues,
          dk_noncrumbling_2, uniq_edmund
D:6:      layout_loops_ring, portal_sewer_entry_d
D:7:      layout_rooms, serial_shops,
          nicolae_shop_temple_entry_statues_fountains, serial_rivers,
          chequers_serial_rivers_marsh, chequers_serial_rivers_micro_d,
          chequers_serial_rivers_small_b, chequers_serial_rivers_micro_b,
          minmay_puff
D:8:      minmay_slanted_spiral_squares, layout_basic,
          gammafunk_temple_overflow_elements, fiery_altar_vehumet, serial_shops,
          shop
D:9:      minmay_the_grid_square_5x5_4x4 [minmay_the_grid_square_5x5_empty,
          minmay_the_grid_square_5x5_trominoes,
          minmay_the_grid_square_5x5_intrusive_squares,
          minmay_the_grid_square_5x5_sharp_hourglass,
          minmay_the_grid_square_5x5_fancy_junction,
          minmay_the_grid_square_5x5_prize_open,
          minmay_the_grid_square_5x5_prize_snowflake,
          minmay_the_grid_square_5x5_two_walls_a,
          minmay_the_grid_square_5x5_shrine1,
          minmay_the_grid_square_5x5_prize_monsterx,
          minmay_the_grid_square_5x5_prize_rear_guard,
          minmay_the_grid_square_5x5_inner_i, minmay_the_grid_square_5x5_n,
          minmay_the_grid_square_5x5_comb,
          minmay_the_grid_square_5x5_half_checkered,
          minmay_the_grid_square_5x5_tri_point], layout_layer_cave,
          gammafunk_temple_overflow_wave, erik_lair_orcish_takeover,
          serial_shops, nicolae_shop_temple_entry_statues_fountains
D:10:     layout_gridville, uniq_snorg
D:11:     layout_big_octagon, orc_0_dummy
D:12:     kennysheep_six_static_rooms, layout_irregular_city, basic_altar
D:13:     layout_cave_pools, lightli_vaults_fourway_checkpoint,
          nicolae_elemental_shop, uniq_sonja
D:14:     layout_basic, tso_metal_star, kennysheep_generic_room_9, uniq_louise
D:15:     grunt_enter_depths_giant_problem, layout_rooms, elyvilon_altar_4
Temple:   cyrus_circular_temple
Lair:1:   layout_chaotic_city, grunt_megastairs_1
Lair:2:   layout_hall_layers, grunt_megastairs_3, lemuel_fruit_fields,
          lemuel_fruit_tree, uniq_fannar
Lair:3:   layout_roguey, minmay_snake_entry_six_corridors,
          minmay_lair_oklob_chamber, uniq_urug
Lair:4:   layout_gridlike, minmay_swamp_entry_swarm, portal_ice_cave_entry_imps
Lair:5:   layout_big_grid, lemuel_fruit_fields
Lair:6:   evil_forest, layout_gridlike, slime_dummy, infiniplex_staircase_pool,
          grunt_megastairs_4
Swamp:1:  layout_basic_swamp, evilmike_swamp_ruin_rubble_2
Swamp:2:  layout_basic_swamp, evilmike_swamp_ruin_rubble_1
Swamp:3:  layout_basic_swamp, evilmike_swamp_ruin_house_1, swamp_pool1,
          infiniplex_staircase_pool_2
Swamp:4:  swamp_vile, layout_basic_swamp
Snake:1:  layout_chambers, serial_bayou_shore_b
Snake:2:  layout_chambers, ebering_ghost_gozag
Snake:3:  layout_rooms, serial_shops, shop_statue, special_room,
          minmay_shop_star
Snake:4:  snake_pit_salamanders_mu, layout_cave_town
Orc:1:    cheibrodos_orc_arena, layout_caves
Orc:2:    pubby_orc_utopia, uniq_maurice
Elf:1:    minmay_elf_arrival_plus, layout_geoelf_diagonals,
          minmay_elf_annihilation, hex_medium, minmay_shoptagon
Elf:2:    layout_rooms, serial_shops, shop, nicolae_shop_trees, shop, shop,
          kb_rosetta
Elf:3:    minmay_elf_hall_furrowed, layout_onion_city, serial_shops, shop,
          nicolae_shop_waterfront, nicolae_shop_stone, basic_altar, uniq_donald
Vaults:1: hangedman_vaults_nails, vaults_room_grid, ontoclasm_vaults_tryst,
          ontoclasm_vaults_hangar, grunt_vaults_funnel, vaults_room_door_hall,
          v_misc_16, layout_vaults_omnigrid, serial_shops, nicolae_shop_stone,
          nicolae_shop_behind_doors, nicolae_shop_behind_doors,
          nicolae_shop_stone, shop
Vaults:2: nicolae_vaults_network_square, nicolae_vaults_minivaults,
          nicolae_vaults_twisting_passages, vaults_room_octagon, v_misc_16,
          hangedman_vaults_nodes, vaults_room_corners, vaults_room_door_hall,
          vaults_room_fours, layout_vaults_maze, serial_shops, shop
Vaults:3: minmay_crypt_entry_necro_gods, hangedman_vaults_locks, v_rooms_5,
          hangedman_vaults_stitches, grunt_vaults_focal, v_misc_11,
          layout_vaults_ring, uniq_aizul
Vaults:4: nicolae_vaults_asterisk, hangedman_vaults_stream,
          nicolae_vaults_sealed_display, hangedman_vaults_hard_town_square,
          ontoclasm_vaults_decontamination, v_misc_23, v_misc_11,
          vaults_standard_mumra_x, vaults_mumra_hex, vaults_mumra_lcd,
          vaults_room_stairs_pillars, nicolae_vaults_shelves_hall,
          vaults_room_fours, layout_vaults_omnicross,
          portal_desolation_entry_nicolae_nacl, serial_shops,
          nicolae_shop_trees, basic_altar, uniq_bai_suzhen
Vaults:5
Depths:1: layout_honeycomb, grunt_hell_horde, kennysheep_another_room,
          nicolae_transmutations_shop, wad_floor_pattern_untrapped,
          grunt_ministairs_7, hangedman_stitches_earthworm, uniq_nikola
Depths:2: minmay_ambush_box, layout_gridville, enter_trove_2, hell_entry,
          serial_sigils_hangedman_stare, minmay_misc_feat_cross
Depths:3: four-leaf_vault, layout_cave_pools, nicolae_twisting_strands,
          hell_entry, rand_demon_pan_entry_3, serial_glass, glass_columns_c,
          glass_columns_a, unseen_surprise_small, due_unseen_surprise,
          infiniplex_staircase_x
Depths:4: minmay_connected_boxes_in_corner, layout_small_grid,
          pf_hell_entry_tar_spiral, mu_enter_wizlab_1, abyss_entry,
          serial_rivers, chequers_serial_rivers_room_a,
          chequers_serial_rivers_small_a, chequers_serial_rivers_micro_d,
          chequers_serial_rivers_small_b, chequers_serial_rivers_marsh,
          chequers_serial_rivers_large_b, grunt_pan_entry_sceptre,
          serial_bayou_shore_b, serial_bayou_shore_b
Depths:5: hangedman_spin_cycle, hell_entry, uniq_saint_roka
Zot:1:    cheibrodos_zot_enchanting_chambers, layout_basic
Zot:2:    layout_cathedral_of_symmetry
Zot:3:    lemuel_draconian_sentries, layout_gridlike
Zot:4:    layout_onion, grunt_ministairs_7, st_small_dragon_hoard_4,
          bh_zot_ikea_curve, bh_zot_levy_curve
Zot:5:    layout_misc_corridors

Skill      XL: |  1  2  3  4  5  6  7  8  9 10 11 12 13 14 15 16 17 18 19 20 21 22 23 24 25 |
---------------+----------------------------------------------------------------------------+-----
Axes           | 3 4 5 6 7 11 13 14 16 17 20 | 20.0
Fighting       | 4 5 8 7 10 11 12 16 17 18 19 20 21 22 23 24 25 26 27 | 27.0
Armour         | 1 8 10 12 13 14 15 16 17 18 20 22 23 24 27 | 27.0
Shields        | 4 6 8 9 10 11 12 13 14 15 16 17 20 | 20.0
Throwing       | 2 6 8 10 11 12 13 14 15 16 17 18 19 22 | 22.9
Stealth        | 0 |  0.0
Dodging        | 3 5 7 8 9 10 11 12 13 14 15 18 | 18.2
Maces & Flails | 1 5 9 |  9.6

Action                   |  1- 3 |  4- 6 |  7- 9 | 10-12 | 13-15 | 16-18 | 19-21 | 22-24 | 25-27 || total
-------------------------+-------+-------+-------+-------+-------+-------+-------+-------+-------++-------
Melee: Hand axe          |    23 |   172 |       |       |       |       |       |       |       ||   195
       Headbutt          |     5 |    40 |    34 |    84 |   318 |   429 |   387 |   390 |   443 ||  2130
       War axe           |       |    76 |   198 |   509 |   753 |       |       |       |       ||  1536
       Flail             |       |       |       |       |    20 |       |       |       |       ||    20
       Demon whip        |       |       |       |       |    18 |       |       |       |       ||    18
       Broad axe         |       |       |       |       |   481 |  1517 |  1293 |  1064 |  1219 ||  5574
       Eveningstar       |       |       |       |       |       |    18 |     3 |       |       ||    21
Throw: Javelin           |       |       |       |       |     4 |     9 |     1 |     3 |    17 ||    34
       Throwing net      |       |       |       |       |       |       |       |       |     1 ||     1
Invok: Sacrifice Experie |       |     1 |       |       |       |       |       |       |       ||     1
       Draw Out Power    |       |       |       |     1 |     1 |       |       |     1 |       ||     3
       Sacrifice Artific |       |       |       |     1 |       |       |       |       |       ||     1
       Apocalypse        |       |       |       |     3 |     4 |       |     1 |     5 |     4 ||    17
       Power Leap        |       |       |       |     1 |       |       |       |       |       ||     1
       Sacrifice Arcana  |       |       |       |     1 |       |       |       |       |       ||     1
       Sacrifice Essence |       |       |       |     1 |       |       |       |       |       ||     1
       Sacrifice Stealth |       |       |       |       |     1 |       |       |       |       ||     1
Evoke: Wand              |       |       |     5 |       |       |       |       |       |       ||     5
  Use: Scroll            |       |    19 |     1 |     8 |     3 |     7 |    13 |    25 |    16 ||    92
       Potion            |       |       |       |     5 |       |       |     1 |    11 |    25 ||    42
 Stab: Sleeping          |       |     2 |       |       |       |       |       |       |       ||     2
       Invisible         |       |       |       |     5 |    13 |    28 |    19 |    17 |    24 ||   106
       Distracted        |       |       |       |     2 |    10 |     7 |    10 |     7 |    12 ||    48
       Paralysed         |       |       |       |     8 |    21 |    12 |    13 |    16 |     3 ||    73
       Petrifying        |       |       |       |       |     3 |       |       |       |       ||     3
       Petrified         |       |       |       |       |     2 |       |       |       |       ||     2
       Confused          |       |       |       |       |       |     2 |       |       |       ||     2
Armor: Leather armour    |     7 |    12 |       |       |       |       |       |       |       ||    19
       Plate armour      |       |   110 |   105 |   257 |   352 |   353 |   166 |   259 |   101 ||  1703
       Chain mail        |       |       |       |       |    38 |       |       |       |       ||    38
       Gold dragon scale |       |       |       |       |       |       |       |       |   177 ||   177
Dodge: Dodged            |    15 |   120 |    92 |    80 |   285 |   433 |   225 |   254 |   311 ||  1815
Block: Tower shield      |       |       |       |    66 |   864 |  1131 |   840 |   914 |   973 ||  4788
       Reflection        |       |       |       |       |       |       |    77 |    82 |    17 ||   176
       Rpst.: Broad axe  |       |       |       |       |    10 |    62 |    40 |    30 |    35 ||   177
       Eveningstar       |       |       |       |       |       |     3 |       |       |       ||     3

Table legend: (Time is in decaauts)
 A = Elapsed time spent in this place.
 B = Non-inter-level travel time spent in this place.
 C = Inter-level travel time spent in this place.
 D = Time resting spent in this place.
 E = Time spent auto-exploring this place.
 F = Levels seen in this place.
 G = Mean time per level.
                   A        B        C        D        E       F      G
               +--------+--------+--------+--------+--------+-----+--------+
         Total |  69773 |  64710 |   5063 |   5898 |  45698 |  54 | 1292.1 |
       Dungeon |  19194 |  17244 |   1950 |   1072 |  13398 |  15 | 1279.6 |
        Temple |     61 |     53 |      8 |      0 |     43 |   1 |   61.0 |
          Lair |   6978 |   6339 |    639 |    727 |   4471 |   6 | 1163.0 |
         Swamp |   3866 |   3624 |    242 |      0 |   2695 |   4 |  966.5 |
     Snake Pit |   6100 |   5829 |    271 |    148 |   4523 |   4 | 1525.0 |
  Orcish Mines |   3193 |   2545 |    648 |      0 |   1758 |   2 | 1596.5 |
   Elven Halls |   5239 |   4951 |    288 |    244 |   3740 |   3 | 1746.3 |
        Vaults |   8981 |   8647 |    334 |   1378 |   5680 |   5 | 1796.2 |
        Depths |   8227 |   7828 |    399 |    679 |   5475 |   5 | 1645.4 |
           Zot |   5946 |   5666 |    280 |   1650 |   2632 |   5 | 1189.2 |
         Trove |     88 |     88 |      0 |      0 |     24 |   1 |   88.0 |
         Sewer |    358 |    358 |      0 |      0 |    186 |   1 |  358.0 |
      Ice Cave |    714 |    714 |      0 |      0 |    413 |   1 |  714.0 |
        Wizlab |    823 |    823 |      0 |      0 |    657 |   1 |  823.0 |
               +--------+--------+--------+--------+--------+-----+--------+

Top non-repeatable levels by time:
Vaults:4: 3215 daAuts
 Snake:4: 2684 daAuts
    D:10: 2656 daAuts
   Orc:2: 2506 daAuts
Depths:5: 2424 daAuts
   Elf:3: 2404 daAuts
     D:8: 2375 daAuts
     D:9: 2210 daAuts
   Zot:1: 1965 daAuts
   Elf:2: 1885 daAuts
Depths:4: 1808 daAuts
  Lair:1: 1683 daAuts
Vaults:1: 1555 daAuts
Vaults:5: 1506 daAuts
Depths:3: 1506 daAuts
